 Dungeon Crawl Stone Soup version 0.31-a0-868-g674d60d6f7 (webtiles) character file.

Game seed: 13895103606490720338

90 TheGamechu the Shooter (level 4, -2/26 HPs)
             Began as a Gargoyle Hunter on Oct 11, 2023.
             Killed from afar by Sigmund (7 damage)
             ... with a puff of flame
             ... on level 2 of the Dungeon.
             The game lasted 00:05:42 (1825 turns).

TheGamechu the Shooter (Gargoyle Hunter)            Turns: 1825, Time: 00:05:43

Health: -2/26      AC:  9    Str: 20    XL:     4   Next: 56%
Magic:  4/4        EV: 10    Int: 10    God:
Gold:   53         SH:  0    Dex: 15    Spells: 3/3 levels left

rFire   . . .        a - +0 shortbow
rCold   . . .        (shield currently unavailable)
rNeg    + . .        n - +0 scale mail
rPois   ∞            (no helmet)
rElec   +            (no cloak)
rCorr   .            (no gloves)
SInv    .            (no boots)
Will    .....        (no amulet) Stlth
                     g - +6 ring of strength
HPRegen 0.24/turn    (no ring)
MPRegen 0.09/turn

%: no passive effects
@: no status effects
A: sickness immunity, AC +3, negative energy resistance 1, electricity
resistance, torment resistance 1, petrification resistance
a: no special abilities


You were on level 2 of the Dungeon.
You visited 1 branch of the dungeon, and saw 2 of its levels.

You collected 53 gold pieces.

Inventory:

Hand Weapons
 a - a +0 shortbow (weapon)
Missiles
 c - 2 darts of dispersal
 e - 7 stones
Armour
 k - a +0 buckler
 n - a +0 scale mail (worn)
Jewellery
 g - a +6 ring of strength (left hand)
 h - a +6 ring of intelligence
Scrolls
 b - a scroll of butterflies
 d - a scroll of fear {unknown}
 f - a scroll of vulnerability {unknown}
 i - a scroll of fog {unknown}
Potions
 l - a potion of lignification {unknown}
 m - a potion of brilliance {unknown}


   Skills:
 - Level 2.1 Fighting
 + Level 5.8 Ranged Weapons
 - Level 1.5 Dodging
 - Level 1.1 Stealth


You had 3 spell levels left.
You didn't know any spells.
Your spell library contained the following spells:

 Spells                   Type           Power      Damage    Failure   Level
 Foxfire                  Conj/Fire      0%         2x1d4     75%         1
 Shock                    Conj/Air       0%         1d3       75%         1
 Ensorcelled Hibernation  Hex/Ice        0%         N/A       86%         2
 Jinxbite                 Hex            0%         N/A       86%         2
 Swiftness                Air            0%         N/A       98%         3
 Airstrike                Air            0%         2d(0-16)  100%        4
 Anguish                  Hex/Necr       0%         N/A       100%        4
 Plasma Beam              Fire/Air       0%         2x1d10    100%        6
 Starburst                Conj/Fire      0%         6d3       100%        6


Dungeon Overview and Level Annotations

Branches:
Dungeon (2/15)

Altars:

Annotations:
D:2 Sigmund


Innate Abilities, Weirdness & Mutations

You are immune to sickness and miasma.
Your stone body is resilient. (AC +3)
You are immune to poison.
You resist negative energy. (rN+)
You are resistant to electric shocks. (rElec)
You are resistant to unholy torment.
You are immune to petrification.


Message History

You see here a +0 sling.
You see here a +0 sling.
Found a whip.
A rat comes into view.
A bat comes into view.
The bat closely misses you.
The rat twitches its whiskers.
The bat misses you. The bat hits you but does no damage.
You shoot an arrow. The arrow barely misses the bat.
The arrow hits the rat!
You kill the rat!
The bat completely misses you.
You shoot an arrow. The arrow completely misses the bat.
The bat barely misses you.
You shoot an arrow. The arrow closely misses the bat.
The bat misses you.
You shoot an arrow. The arrow hits the bat!
You kill the bat!
No target in view!
No target in view!
You see here a bat corpse.
Found 9 gold pieces.
You now have 53 gold pieces (gained 9).
Sigmund shouts!
You shoot an arrow. The arrow closely misses Sigmund.
Sigmund casts a spell at you.
You are confused.
Sigmund hits you from afar with a +0 scythe!
You bump into the rock wall.
Sigmund hits you from afar with a +0 scythe!
You bump into the rock wall.
You bump into the rock wall.
You feel less confused. Sigmund barely misses you.
Sigmund hits you from afar with a +0 scythe.
* * * LOW HITPOINT WARNING * * *
You see here a +0 club.
Sigmund points at you and mumbles some strange words.
The puff of flame hits you!
You die...
Sigmund begins carving another notch in his scythe.

.###.###.####...# #####.. .....#
#...@..#.# #......
####.###.####...## #.###.#
#..@..# ##<#.## #.###.# ##'####
#....## #.....# ##...## ##.....##
#..#### ##.....## ##.......##
#..## # #.......###.........#
####...###
#.........###...@...####.........
+.........'......................
#.........####....###.##.###...#.
##.......## #...).##.##.####.##.
##.....## #.###@##.##.........
##...## #.# #.##.######...## ##+#
#.###.##.# ###.#.## #.#
#).......# #...#... #####.#
#####.#### #.#####.


You could see Sigmund.

Vanquished Creatures
  Natasha (D:1)
  An adder (D:2)
  2 worms (D:2)
  3 dart slugs
  2 ball pythons (D:1)
  4 endoplasms
  A giant cockroach (D:1)
  5 goblins
  7 hobgoblins
  2 quokkas
  5 bats
  2 frilled lizards (D:1)
  3 kobolds (D:1)
  5 rats
43 creatures vanquished.

Notes
Turn   | Place    | Note
-------+----------+-------------------------------------------
     0 | D:1      | TheGamechu the Gargoyle Hunter began the quest for the Orb.
     0 | D:1      | Reached XP level 1. HP: 12/12 MP: 1/1
    63 | D:1      | Reached XP level 2. HP: 17/17 MP: 2/2
   333 | D:1      | Reached XP level 3. HP: 21/21 MP: 3/3
   380 | D:1      | Reached skill level 5 in Ranged Weapons
  1276 | D:2      | Reached XP level 4. HP: 22/26 MP: 4/4
  1345 | D:2      | Noticed Natasha
  1387 | D:1      | Killed Natasha
  1587 | D:2      | Noticed Sigmund
  1825 | D:2      | Killed from afar by Sigmund

Illustrated notes

Levels and vault maps discovered:
D:1:      giann_horns, layout_basic
D:2:      layout_loops_corners, st_stairs_1, minmay_tree_intersection,
          uniq_natasha, uniq_sigmund

Skill      XL: |  1  2  3 |
---------------+----------+-----
Ranged Weapons | 5 |  5.8
Fighting       | |  2.1
Dodging        | |  1.5
Stealth        | |  1.1

Action                     |  1- 3 |  4- 6 || total
---------------------------+-------+-------++-------
   Fire: Shortbow          |   136 |    22 ||   158
    Use: Potion            |       |     2 ||     2
 Armour: Leather armour    |    15 |       ||    15
         Scale mail        |    15 |    30 ||    45
  Dodge: Dodged            |    30 |    24 ||    54

Table legend: (Time is in decaauts)
 A = Elapsed time spent in this place.
 B = Non-inter-level travel time spent in this place.
 C = Inter-level travel time spent in this place.
 D = Time resting spent in this place.
 E = Time spent auto-exploring this place.
 F = Levels seen in this place.
 G = Mean time per level.
                   A        B        C        D        E       F      G
               +--------+--------+--------+--------+--------+-----+--------+
         Total |   1868 |   1694 |    174 |     22 |   1164 |   2 |  934.0 |
       Dungeon |   1868 |   1694 |    174 |     22 |   1164 |   2 |  934.0 |
               +--------+--------+--------+--------+--------+-----+--------+

Top non-repeatable levels by time:
     D:2: 1001 daAuts
     D:1: 867 daAuts
